 Dungeon Crawl Stone Soup version 0.25-a0-667-gb977e01cb5 (webtiles) character file.

Game seed: 8588153943914582873, levelgen mode: deterministic

18 kae the Ruffian (level 2, 0/25 HPs)
             Began as a Naga Transmuter on Mar 27, 2020.
             Shot with a stone by a goblin (7 damage)
             ... on level 1 of the Dungeon.
             The game lasted 00:01:03 (539 turns).

kae the Ruffian (Naga Transmuter)                    Turns: 539, Time: 00:01:03

Health: 0/25       AC:  1    Str: 12    XL:     2   Next: 70%
Magic:  9/14       EV: 10    Int: 13    God:
Gold:   30         SH:  0    Dex: 11    Spells: 4/5 levels left

rFire    . . .     SeeInvis +   f - +0 mace
rCold    . . .     Gourm    .   (no shield)
rNeg     . . .     Faith    .   b - +0 robe
rPois    +         Spirit   .   (no helmet)
rElec    .         Reflect  .   (no cloak)
rCorr    .         Harm     .   (no gloves)
MR       .....                  (no barding)
Stlth    +.........             (no amulet)
HPRegen  0.08/turn              g - ring of magical power
MPRegen  0.14/turn              (no ring)

@: short of breath, very slow
A: large, see invisible, deformed body, poison resistance, slowness 2, slow
metabolism 1, spit poison 1, AC +0
a: Spit Poison


You were on level 1 of the Dungeon.
You were not hungry.

You visited 1 branch of the dungeon, and saw 1 of its levels.

You collected 30 gold pieces.

Inventory:

Hand Weapons
 f - a +0 mace (weapon)
Missiles
 a - 12 arrows
Armour
 b - a +0 robe (worn)
Jewellery
 g - a ring of magical power (left hand)
Potions
 e - a potion of flight {unknown}
Comestibles
 d - 2 rations


   Skills:
 - Level 1.0 Fighting
 - Level 1.5 Dodging
 * Level 3.5 Unarmed Combat
 + Level 2.2 Spellcasting
 + Level 2.3 Transmutations


You had 4 spell levels left.
You knew the following spells:

 Your Spells              Type           Power        Failure   Level  Hunger
a - Beastly Appendage     Tmut           #.....       10%         1    ##.....

Your spell library contained the following spells:

 Spells                   Type           Power        Failure   Level  Hunger
 Sticks to Snakes         Tmut           #.......     14%         2    ###....
 Spider Form              Tmut/Pois      #.........   43%         3    ####...
 Ice Form                 Ice/Tmut       #.......     83%         4    #####..
 Blade Hands              Tmut           #.........   95%         5    ######.


Dungeon Overview and Level Annotations

Branches:
Dungeon (1/15)

Altars:


Innate Abilities, Weirdness & Mutations

You cannot wear boots.
Your serpentine skin is tough. (AC +0)
You have supernaturally acute eyesight. (SInv)
Armour fits poorly on your strangely shaped body.
Your system is resistant to poisons. (rPois)
You cover ground very slowly.
You have a slow metabolism.
You can spit poison.


Message History

a +0 dagger; a +0 leather armour; a hobgoblin corpse You have got your breath back.
You start resting.
A goblin comes into view. It is wielding a +0 club.
You butcher the hobgoblin corpse.
The goblin shouts!
The goblin unwields a +0 club.
The goblin wields a +0 hunting sling.
The goblin shoots a stone.
The stone hits you!
* * * LOW HITPOINT WARNING * * *
Items here: % ( ) [ ÷ a stone; a +0 dagger; a +0 leather armour; 3 chunks of flesh a hobgoblin skeleton
Press: ? - help, Shift-Dir - straight line, f - goblin
Aim: a goblin, wielding a +0 hunting sling, wearing a +0 chain mail and quivering 20 stones The splash of poison hits the goblin.
The goblin is poisoned.
The goblin is severely wounded.
You feel slightly more hungry.
The goblin shoots a stone.
The stone barely misses you.
The goblin shoots a stone.
The stone hits you!
You die...

#........# ...
#####...#.... ...
######....... .... .....
...#### ..... .### ##.>.
##g.... .# .#.# . .......
.## ..#. ###†......
..#### #... #.(.......
.....# ....# #@#.......
.....###..##.###.#.......
###.......##.#...#.......
#.#...#.##...###.......
##......................
##........###..........##
.....########.#.........
......###..............
....#..##..............


You could see a goblin.

Vanquished Creatures
  A dart slug (D:1)
  A leopard gecko (D:1)
  A ball python (D:1)
  2 giant cockroaches (D:1)
  A goblin (D:1)
  2 hobgoblins (D:1)
  2 bats (D:1)
  2 kobolds (D:1)
  4 rats (D:1)
16 creatures vanquished.

Notes
Turn   | Place    | Note
-------+----------+-------------------------------------------
     0 | D:1      | kae the Naga Transmuter began the quest for the Orb.
     0 | D:1      | Reached XP level 1. HP: 18/18 MP: 3/3
    38 | D:1      | Reached XP level 2. HP: 13/25 MP: 3/5
   539 | D:1      | Shot with a stone by a goblin

Levels and vault maps discovered:
D:1:      tarquinn_simple_flora_water_c, layout_rooms, serial_park_tiny_2,
          minmay_circled_x

Action                   || total
-------------------------++-------
Melee: Unarmed           ||    27
       Headbutt          ||     3
       Mace              ||    13
 Cast: Beastly Appendage ||     8
 Abil: Spit Poison       ||     9
Armor: Robe              ||     4
Dodge: Dodged            ||    21

Table legend:
 A = Non-vault XP
 B = Vault XP
 C = Vault XP percentage of total XP
 D = Non-vault monster count
 E = Vault monster count
 F = Vault count percentage of total count
                 A         B        C        D         E       F
            +---------+---------+-------+---------+---------+-------
      Total |      27 |       0 |   0.0 |      16 |       0 |   0.0
            +---------+---------+-------+---------+---------+-------
        D:1 |      27 |       0 |   0.0 |      16 |       0 |   0.0
            +---------+---------+-------+---------+---------+-------
